 Dungeon Crawl Stone Soup version 0.22.0 (webtiles) character file.

2919 Blackhawk the Cleaver (level 9, 0/82 HPs)
             Began as a Minotaur Berserker on Nov 3, 2018.
             Was an Elder of Trog.
             Killed by nerve-wracking pain
             ... invoked by an orc priest
              (8 damage)
             ... on level 8 of the Dungeon.
             The game lasted 00:13:19 (8004 turns).

Blackhawk the Cleaver (Minotaur Berserker)          Turns: 8004, Time: 00:13:20

Health: 0/82       AC: 13    Str: 24    XL:     9   Next: 50%
Magic:  8/8        EV: 25    Int:  4    God:    Trog [****..]
Gold:   226        SH:  0    Dex: 11    Spells: 8/8 levels left

rFire    + . .     SeeInvis .   a - +0 hand axe
rCold    . . .     Gourm    .   (no shield)
rNeg     . . .     Faith    .   t - +0 plate armour
rPois    .         Spirit   .   (helmet restricted)
rElec    .         Reflect  .   d - scarf {cloud immunity}
rCorr    .         Harm     .   (no gloves)
MR       .....                  (no boots)
Stlth    ..........             e - amulet of the acrobat
HPRegen  0.23/turn              x - ring of protection from fire
MPRegen  0.11/turn              (no ring)

@: berserk cooldown, slowed, very slow
A: retaliatory headbutt, horns 2
a: Berserk, Trog's Hand, Brothers in Arms, Renounce Religion


You were on level 8 of the Dungeon.
You worshipped Trog.
Trog was greatly pleased with you.
You were near starving.

You visited 1 branch of the dungeon, and saw 8 of its levels.

You collected 268 gold pieces.
You spent 42 gold pieces at shops.

Inventory:

Hand Weapons
 a - a +0 hand axe (weapon)
 b - the +7 hunting sling "Pixyreis" {flame, rN+}
   (You found it on level 8 of the Dungeon)

   It causes projectiles fired from it to burn those they strike, causing extra
   injury to most foes and up to half again as much damage against particularly
   susceptible opponents.
   It protects you from negative energy.
 H - a +0 hand crossbow
Missiles
 i - 84 bolts
 s - 56 sling bullets
Armour
 d - a scarf of cloud immunity (worn)
 t - a +0 plate armour (worn)
Jewellery
 e - an amulet of the acrobat (around neck)
 x - a ring of protection from fire (left hand)
 z - an uncursed ring of positive energy {unknown}
 C - an uncursed ring of positive energy {unknown}
Wands
 q - a wand of digging (31)
 w - a wand of acid (8)
 B - a wand of paralysis (12)
 D - a wand of flame (40)
Scrolls
 g - 6 scrolls of identify {unknown}
 n - 2 scrolls of fog {unknown}
 o - 2 scrolls of enchant weapon {unknown}
 p - a scroll of amnesia {unknown}
 u - 7 scrolls of teleportation {unknown}
 v - a scroll of blinking {unknown}
 y - a scroll of fear {unknown}
 A - a scroll of enchant armour {unknown}
 E - 2 scrolls of magic mapping {unknown}
 F - 4 scrolls of remove curse
 G - 2 scrolls of holy word {unknown}
Potions
 h - 3 potions of lignification {unknown}
 j - a potion of mutation {unknown}
 k - 3 potions of flight {unknown}
 l - 2 potions of brilliance {unknown}
 m - 3 potions of invisibility {unknown}
 r - 3 potions of curing
Comestibles
 c - 21 rations


   Skills:
 + Level 8.7 Fighting
 + Level 8.8 Axes
 + Level 8.2 Armour
 + Level 7.5 Dodging


You had 8 spell levels left.
You didn't know any spells.
Your spell library was empty.

Dungeon Overview and Level Annotations

Branches:
Dungeon (8/15)             Temple (0/1) D:7            Lair (0/6) D:8

Altars:
Dithmenos
Hepliaklqana
Ru
Uskayaw
Vehumet
Yredelemnul

Shops:
D:6 [!%   D:8 [*


Innate Abilities, Weirdness & Mutations

You reflexively headbutt those who attack you in melee.
You have a pair of horns on your head.


Message History

The orc priest casts a cantrip, but nothing happens.
Your black bear bites the orc priest but does no damage.
Your black bear claws the orc priest but does no damage. x2
The orc priest hits your black bear but does no damage.
Your black bear bites the orc priest.
Your black bear claws the orc priest but does no damage.
Your black bear claws the orc priest.
Your black bear closely misses the orc priest.
Your black bear claws the orc priest but does no damage.
Your black bear closely misses the orc priest.
The orc priest mumbles some strange prayers to Beogh against you.
Your black bear writhes in agony!
Your black bear dies!
Your black bear's corpse disappears in a puff of smoke!
The orc priest invokes the aid of Beogh against you.
Pain shoots through your body!
* * * LOW HITPOINT WARNING * * *
The orc priest mumbles some strange prayers to Beogh against you.
Pain shoots through your body!
You die...

##.'..
########.)'..
#####.ooo.o.o.)..
##.....#####..≈#..
#.o#####...#..≈###
#.## #...#..≈≈≈≈
#.# #...#.....#
#.######...#####.#
#@##...#..#....#..
#.##...'.#.....#.#
#.##...##......#.#
##'##...#...##'##.#
#......##...##.....
#.....#.+...##.##..
#....#..#...#......
#####...######.#..#
#...# #.#..#


You could see an orc priest.

Vanquished Creatures
  A hornet (D:8)
  Duvessa (D:4)
  4 orc warriors
  A sky beast (D:8)
  An ice beast (D:8)
  2 phantoms
  An eye of draining (D:8)
  6 ogres
  2 bullfrogs
  A scorpion (D:8)
  Dowan (D:4)
  An electric eel (D:8)
  A centaur zombie (D:5)
  3 crimson imps
  3 orc priests
  3 hounds
  2 jellies
  A bullfrog skeleton (D:7)
  5 orc wizards
  An iguana (D:6)
  2 worker ants
  A hound zombie (D:8)
  A howler monkey zombie (D:5)
  A worker ant zombie (D:5)
  13 adders
  3 oozes
  An adder skeleton (D:4)
  An adder zombie (D:3)
  A worm (D:3)
  A dart slug (D:4)
  4 leopard geckos
  22 orcs
  5 giant cockroaches
  14 goblins
  8 hobgoblins
  6 jackals
  7 kobolds
  5 quokkas
  4 ball pythons
  8 bats
  3 frilled lizards
  A quokka skeleton (D:5)
  5 rats
158 creatures vanquished.

Vanquished Creatures (collateral kills)
  2 orc warriors (D:8)
  An orc wizard (D:8)
3 creatures vanquished.

Grand Total: 161 creatures vanquished

Notes
Turn   | Place    | Note
-------+----------+-------------------------------------------
     0 | D:1      | Blackhawk the Minotaur Berserker began the quest for the Orb.
     0 | D:1      | Reached XP level 1. HP: 19/19 MP: 0/0
   107 | D:1      | Reached XP level 2. HP: 19/27 MP: 1/1
   596 | D:1      | Reached XP level 3. HP: 33/33 MP: 2/2
   651 | D:1      | Reached ** piety under Trog
  1373 | D:2      | Found a basalt altar of Yredelemnul.
  1374 | D:2      | Found a radiant altar of Vehumet.
  1376 | D:2      | Found a hide-covered altar of Uskayaw.
  1540 | D:2      | Noticed a phantom
  1545 | D:2      | Reached XP level 4. HP: 40/40 MP: 3/3
  1554 | D:2      | Killed a phantom
  1554 | D:2      | Reached XP level 5. HP: 47/47 MP: 4/4
  1775 | D:3      | Reached skill level 5 in Axes
  1855 | D:3      | Reached *** piety under Trog
  1856 | D:3      | Reached skill level 5 in Fighting
  2444 | D:4      | Noticed an ogre
  2452 | D:4      | Killed an ogre
  2452 | D:4      | Reached XP level 6. HP: 56/56 MP: 5/5
  2455 | D:4      | Noticed Dowan
  2535 | D:4      | Killed Dowan
  2543 | D:4      | Noticed Duvessa
  2597 | D:4      | Killed Duvessa
  2597 | D:4      | Reached XP level 7. HP: 59/62 MP: 6/6
  2696 | D:4      | Reached skill level 5 in Armour
  3463 | D:5      | Entered Level 5 of the Dungeon
  3504 | D:5      | Reached skill level 5 in Dodging
  3670 | D:5      | Found a sacrificial altar of Ru.
  4054 | D:5      | Reached XP level 8. HP: 71/71 MP: 7/7
  4186 | D:5      | Found a hazy altar of Hepliaklqana.
  4186 | D:5      | Found a shadowy altar of Dithmenos.
  4423 | D:6      | Found Ageasoumn's Food Shoppe.
  4446 | D:6      | Reached **** piety under Trog
  4506 | D:6      | Found Ohyneut's Distillery.
  4513 | D:6      | Bought a potion of curing for 42 gold pieces
  5332 | D:6      | Found Jolyhyby's Antique Armour Shop.
  5833 | D:7      | Found a staircase to the Ecumenical Temple.
  6438 | D:8      | Found Neng's Antique Armour Emporium.
  6464 | D:7      | Reached XP level 9. HP: 31/81 MP: 8/8
  6744 | D:8      | Got an iridescent hunting sling
  6874 | D:8      | Identified the +7 hunting sling "Pixyreis" {flame, rN+} (You found it on level 8 of the Dungeon)
  6924 | D:8      | Found Touqoff's Assorted Antiques.
  7327 | D:8      | Paralysed by a hornet for 3 turns
  7337 | D:8      | Found a staircase to the Lair.
  8004 | D:8      | Killed from afar by an orc priest

Skill      XL: |  1  2  3  4  5  6  7  8  9 |
---------------+----------------------------+-----
Axes           | 4 5 6 8 |  8.8
Fighting       | 4 5 6 7 8 |  8.7
Armour         | 3 4 5 7 8 |  8.2
Dodging        | 3 4 5 6 7 |  7.5

Action                   |  1- 3 |  4- 6 |  7- 9 || total
-------------------------+-------+-------+-------++-------
Melee: Hand axe          |    67 |    78 |   222 ||   367
       Headbutt          |    11 |    23 |    68 ||   102
       Whip              |       |    12 |   122 ||   134
Invok: Berserk           |     1 |     2 |     6 ||     9
       Brothers in Arms  |       |       |     1 ||     1
  Use: Scroll            |     1 |       |     1 ||     2
  Eat: Chunk             |     1 |     6 |    23 ||    30
Armor: Animal skin       |    10 |       |       ||    10
       Plate armour      |     7 |    48 |    88 ||   143
       Ring mail         |       |     2 |    25 ||    27
Dodge: Dodged            |    46 |    38 |   191 ||   275
